 Dungeon Crawl Stone Soup version 0.27-a0-103-g6cd7b45605 (webtiles) character file.

Game seed: 10653333633640596125

31251 kae the Transmogrifier (level 13, -6/118 HPs)
             Began as a Green Draconian Transmuter on Jan 22, 2021.
             Was an Elder of Hepliaklqana.
             Mangled by a six-headed hydra (16 damage)
             ... on level 13 of the Dungeon.
             The game lasted 00:16:39 (19396 turns).

kae the Transmogrifier (DrTm)                      Turns: 19396, Time: 00:16:40

Health: -6/118     AC:  7    Str: 18    XL:     13   Next: 25%
Magic:  20/23      EV: 15    Int: 16    God:    Hepliaklqana [****..]
Gold:   1914       SH:  0    Dex: 15    Spells: 7/26 levels left

rFire    x . .     SeeInvis .     - Unarmed
rCold    + + +     Faith    .   (shield currently unavailable)
rNeg     . . .     Spirit   .   (armour unavailable)
rPois    +         Reflect  .   (helmet currently unavailable)
rElec    +         Harm     .   (cloak currently unavailable)
rCorr    .         Rampage  .   (gloves currently unavailable)
Will     .....                  (boots currently unavailable)
Stlth    +.........             (no amulet)
HPRegen  0.29/turn              o - +6 ring of dexterity
MPRegen  0.18/turn              F - ring "Tienex" {rElec rC+ Str+2 Int+3 Dex-5 Slay+4}

@: short of breath, ice-form
A: large, (breathe noxious fumes), unfitting armour, reduced essence, AC +8
a: End Transformation, Renounce Religion, Recall Ancestor, Ancestor Identity,
Transference, Idealise


You were on level 13 of the Dungeon.
You worshipped Hepliaklqana.
Hepliaklqana was greatly pleased with you.
You were a creature of crystalline ice.
You visited 2 branches of the dungeon, and saw 14 of its levels.
You also visited: Bailey.

You collected 2087 gold pieces.
You spent 173 gold pieces at shops.

Inventory:

Jewellery
 c - an uncursed ring of resist corrosion
 g - an uncursed ring of see invisible
 o - a +6 ring of dexterity (left front paw)
 r - an uncursed ring of protection from cold
 s - an uncursed ring of positive energy
 u - a +6 ring of strength
 z - an uncursed ring of ice
 B - a +6 ring of intelligence
 D - an uncursed ring of poison resistance
 E - an uncursed ring of willpower
 F - the ring "Tienex" (right front paw) {rElec rC+ Str+2 Int+3 Dex-5 Slay+4}
   (You acquired it on level 12 of the Dungeon)

   [ring of slaying]

   It affects your strength (+2).
   It affects your intelligence (+3).
   It affects your dexterity (-5).
   It affects your accuracy and damage with ranged weapons and melee attacks
   (+4).
   It protects you from cold.
   It insulates you from electricity.
Wands
 n - a wand of enslavement (19)
 y - a wand of polymorph (13)
 A - a wand of paralysis (6)
 I - a wand of random effects (21)
Scrolls
 b - 2 scrolls of identify
 d - 13 scrolls of teleportation
 p - 6 scrolls of remove curse
 x - 2 scrolls of enchant weapon
 C - 2 scrolls of fear
 H - 3 scrolls of enchant armour
 K - a scroll of silence
Potions
 a - 7 potions of lignification
 e - 2 potions of mutation
 f - 2 potions of attraction
 h - a potion of haste
 i - 12 potions of curing
 j - a potion of magic
 k - 4 potions of cancellation
 l - 2 potions of might
 m - a potion of brilliance
 q - 3 potions of flight
 t - a potion of invisibility
 v - a potion of resistance
 w - 3 potions of heal wounds


   Skills:
 + Level 9.0 Fighting
 + Level 7.9 Dodging
 * Level 12.0 Unarmed Combat
 - Level 7.0 Spellcasting
 * Level 12.2 Transmutations
 - Level 4.0 Ice Magic
 - Level 2.4 Poison Magic


You had 7 spell levels left.
You knew the following spells:

 Your Spells              Type           Power        Failure   Level
a - Beastly Appendage     Tmut           88%          1%          1
b - Spider Form           Tmut/Pois      14%          1%          3
c - Ice Form              Ice/Tmut       31%          4%          4
d - Blade Hands           Tmut           22%          2%          5
e - Statue Form           Tmut/Erth      16%          83%         6

Your spell library contained the following spells:

 Spells                   Type           Power        Failure   Level
 Wereblood                Tmut           44%          1%          2
 Leda's Liquefaction      Hex/Erth       2%           77%         4
 Bolt of Magma            Conj/Fire/Erth 2%           98%         5
 Iron Shot                Conj/Erth      2%           100%        6
 Shatter                  Erth           2%           100%        9


Dungeon Overview and Level Annotations

Branches:
Dungeon (13/15)            Temple (1/1) D:4            Lair (0/6) D:11
    Orc (0/2) D:10         Bailey (visited)
 Vaults: D:13-14

Altars:
Ashenzari
Cheibriados
Dithmenos
Elyvilon
Fedhas
Gozag
Hepliaklqana
Kikubaaqudgha
Makhleb
Nemelex Xobeh
Okawaru
Qazlal
Ru
Sif Muna
Trog
Uskayaw
Vehumet
Wu Jian
Xom
Yredelemnul
Zin
The Shining One

Shops:
D:4 ?   D:6 *   D:12 *

Annotations:
D:12 exclusion: cyclops


Innate Abilities, Weirdness & Mutations

((You can breathe blasts of noxious fumes.))
((Your lurid green scales are hard. (AC +8)))
You cannot fit into any form of body armour.
((Your system is resistant to poisons. (rPois)))
((You are cold-blooded and may be slowed by cold attacks.))
Your life essence is reduced to manifest your ancestor. (-10% HP)


Message History

The six-headed hydra bites you.
The six-headed hydra bites you but does no damage.
The six-headed hydra bites you! The six-headed hydra bites you.
* * * LOW HITPOINT WARNING * * *
The six-headed hydra bites you.
* * * LOW HITPOINT WARNING * * *
The six-headed hydra misses you.
You punch the six-headed hydra!
The six-headed hydra seems to slow down.
You freeze the six-headed hydra.
The six-headed hydra is severely wounded.
You punch the six-headed hydra! You freeze the six-headed hydra.
The six-headed hydra is almost dead.
You are no longer corroded.
The six-headed hydra bites you!
* * * LOW HITPOINT WARNING * * *
The six-headed hydra bites you!
* * * LOW HITPOINT WARNING * * *
The six-headed hydra bites you!
You die...

.. #. #. #. . # #.##
#.##.#..###
#.^.......#
#.##Y#.####.
#....D.......
####/#..###.# #.#..#
.# #.#..###.#
#.#..##.. #.#..##.#
..
.#.####.#..##.####>#
...................##


You could see a six-headed hydra (slow).

Vanquished Creatures
  Frances (D:13)
  Harold (D:7)
  2 hydras (D:13)
  A centaur warrior (D:13)
  A two-headed ogre (D:11)
  Nergalle (D:11)
  An orc knight (Bailey)
  An orc sorcerer (Bailey)
  2 ugly things (D:13)
  A manticore (D:11)
  2 gargoyles
  3 centaur skeletons
  A troll (D:10)
  Grinder (D:6)
  Sigmund (D:6)
  3 shadows
  5 humans (D:9)
  A wraith (D:9)
  2 wyverns
  An acid dragon (D:12)
  A water moccasin (D:9)
  15 orc warriors
  4 sky beasts
  2 ice beasts
  2 black bears
  A hornet zombie (D:8)
  4 phantoms
  A necrophage (D:9)
  9 ogres
  17 centaurs
  Blork the orc (D:6)
  2 big kobolds
  9 bullfrogs
  4 scorpions
  10 killer bees
  13 wights
  8 howler monkeys
  5 electric eels
  A crimson imp (D:4)
  A bullfrog zombie (D:11)
  A centaur zombie (D:8)
  2 jellies (D:11)
  2 quasits
  3 hounds
  10 orc wizards
  5 human zombies (D:9)
  7 orc priests
  2 bullfrog skeletons
  A gnoll shaman (D:9)
  Terence (D:3)
  3 iguanas
  12 worker ants
  A human skeleton (D:9)
  An ogre zombie (D:9)
  2 hound skeletons
  A worker ant zombie (D:6)
  10 gnolls
  13 adders
  A howler monkey skeleton (D:4)
  A shadow imp (D:7)
  A white imp (D:8)
  2 ufetubi
  3 oozes
  An adder zombie (D:6)
  An adder skeleton (D:6)
  4 worms
  3 dart slugs
  6 leopard geckos
  56 orcs
  8 bats
  5 giant cockroaches
  15 hobgoblins
  4 jackals (D:2)
  18 kobolds
  A quokka (D:6)
  3 ball pythons
  7 frilled lizards
  21 goblins
  A jackal skeleton (D:5)
  A leopard gecko zombie (D:6)
  An orc zombie (D:9)
  A quokka skeleton (D:6)
  9 rats
393 creatures vanquished.

Vanquished Creatures (collateral kills)
  A komodo dragon (D:11)
  A kobold demonologist (Bailey)
  A black bear (D:11)
  An orc warrior (Bailey)
  An ogre (D:10)
  An orc wizard (D:11)
  A gnoll (D:9)
  An adder (Bailey)
  2 orcs (Bailey)
  2 goblins (Bailey)
  A kobold (D:8)
13 creatures vanquished.

Vanquished Creatures (others)
  6 hexers
  A bat (D:4)
  40 plants (D:11)
47 creatures vanquished.

Grand Total: 453 creatures vanquished

Notes
Turn   | Place    | Note
-------+----------+-------------------------------------------
     0 | D:1      | kae the Draconian Transmuter began the quest for the Orb.
     0 | D:1      | Reached XP level 1. HP: 16/16 MP: 3/3
   390 | D:1      | Reached XP level 2. HP: 15/23 MP: 3/5
  1245 | D:2      | Reached XP level 3. HP: 26/28 MP: 4/6
  1249 | D:2      | Learned a level 3 spell: Spider Form
  1343 | D:2      | Found a bloodstained altar of Trog.
  1861 | D:2      | Reached skill level 1 in Poison Magic
  1861 | D:2      | Reached XP level 4. HP: 26/36 MP: 4/7
  2909 | D:3      | Noticed Terence
  2915 | D:3      | Killed Terence
  3187 | D:3      | Reached XP level 5. HP: 40/41 MP: 6/8
  3241 | D:3      | Noticed a black bear
  3255 | D:3      | Killed a black bear
  3718 | D:3      | Found a shadowy altar of Dithmenos.
  3946 | D:3      | Noticed a phantom
  3966 | D:3      | Killed a phantom
  3967 | D:3      | Reached XP level 6. HP: 33/50 MP: 7/10
  4724 | D:4      | Reached skill level 5 in Unarmed Combat
  4783 | D:4      | Learned a level 4 spell: Ice Form
  4803 | D:4      | Found a staircase to the Ecumenical Temple.
  4832 | D:4      | Your scales start taking on a lurid green colour.
  4832 | D:4      | Reached XP level 7. HP: 57/57 MP: 7/11
  4832 | D:4      | Gained mutation: Your system is resistant to poisons.
                  | (rPois) [Green Draconian growth]
  4860 | Temple   | Entered the Ecumenical Temple
  5078 | Temple   | Became a worshipper of Hepliaklqana the Forgotten
  5135 | D:4      | Reached skill level 1 in Ice Magic
  5594 | D:4      | Found Zihout's Magic Scroll Shoppe.
  5624 | D:4      | Bought a scroll of identify for 24 gold pieces
  5624 | D:4      | Bought a scroll of identify for 24 gold pieces
  5821 | D:4      | Found a shimmering altar of Xom.
  6025 | D:4      | Found a shimmering altar of Xom.
  6195 | D:4      | Found a burning altar of Makhleb.
  6411 | D:5      | Entered Level 5 of the Dungeon
  6509 | D:5      | Reached XP level 8. HP: 47/59 MP: 8/13
  6622 | D:5      | Reached * piety under Hepliaklqana
  7125 | D:5      | Found a blossoming altar of Fedhas.
  7683 | D:6      | Noticed Grinder
  7760 | D:6      | Noticed Blork the orc
  8003 | D:6      | Killed Blork the orc
  8060 | D:6      | Killed Grinder
  8061 | D:6      | Reached skill level 5 in Transmutations
  8061 | D:6      | Reached XP level 9. HP: 65/65 MP: 11/15
  8139 | D:6      | Reached skill level 5 in Fighting
  8162 | D:6      | Noticed Sigmund
  8166 | D:6      | Killed Sigmund
  8601 | D:6      | Found Gettanas's General Store.
  8618 | D:6      | Bought a scroll of identify for 28 gold pieces
  8760 | D:7      | Identified a scroll of acquirement
  8760 | D:7      | Acquired 990 gold pieces
  8774 | D:7      | Noticed Harold
  9159 | D:7      | Killed Harold
  9160 | D:7      | Reached skill level 5 in Dodging
  9160 | D:7      | Reached skill level 5 in Spellcasting
  9429 | D:7      | Found a shimmering blue altar of Sif Muna.
  9756 | D:7      | Reached ** piety under Hepliaklqana
  9759 | D:7      | Remembered your ancestor Imgur-Sin as a hexer
  9871 | D:7      | Found a radiant altar of Vehumet.
 10054 | D:8      | Reached XP level 10. HP: 74/74 MP: 13/17
 10971 | D:9      | Reached *** piety under Hepliaklqana
 10974 | D:9      | Found a white marble altar of Elyvilon.
 12325 | D:9      | Found an ancient bone altar of Kikubaaqudgha.
 12657 | D:10     | Entered Level 10 of the Dungeon
 12744 | D:10     | Noticed a gargoyle
 12754 | D:10     | Killed a gargoyle
 12870 | D:10     | Learned a level 5 spell: Blade Hands
 12917 | D:10     | Reached **** piety under Hepliaklqana
 12964 | D:10     | Found a staircase to the Orcish Mines.
 13171 | D:10     | Reached skill level 10 in Unarmed Combat
 13344 | D:10     | Reached XP level 11. HP: 37/82 MP: 12/20
 14186 | D:11     | Found a staircase to the Lair.
 15179 | D:11     | Noticed Nergalle
 15189 | D:11     | Killed Nergalle
 15267 | D:11     | Noticed a two-headed ogre
 15275 | D:11     | Killed a two-headed ogre
 15782 | D:11     | Acquired a book of the Earth
 15791 | D:11     | Learned a level 6 spell: Statue Form
 15992 | D:12     | Found Vofecw's Assorted Antiques.
 16000 | D:12     | Bought a fuming brown potion for 22 gold pieces
 16000 | D:12     | Bought a potion of lignification for 75 gold pieces
 16308 | D:12     | Found a flagged portal.
 16319 | Bailey   | Entered a bailey
 16397 | Bailey   | Reached XP level 12. HP: 90/90 MP: 22/22
 17378 | Bailey   | Found an iron altar of Okawaru.
 17448 | Bailey   | Identified the +7 spear "Jeg Caob" {pain, rC+}
 18496 | D:12     | Acquired the ring "Tienex" {rElec rC+ Str+2 Int+3 Dex-5
                  | Slay+4}
 18635 | D:13     | Noticed a seven-headed hydra
 18661 | D:13     | Killed a seven-headed hydra
 18948 | D:13     | Reached XP level 13. HP: 97/97 MP: 21/23
 19368 | D:13     | Noticed Frances
 19380 | D:13     | Killed Frances
 19396 | D:13     | Mangled by a six-headed hydra

Illustrated notes

Levels and vault maps discovered:
D:1:      elethiomel_arrival_maze, layout_basic
D:2:      layout_basic, nicolae_overflow_hidden_temple, serial_rivers,
          chequers_serial_rivers_small_a, chequers_serial_rivers_large_a,
          chequers_serial_rivers_room_b, chequers_serial_rivers_large_b,
          minmay_ruptured
D:3:      layout_loops_ring, nicolae_dithmenos_shadow_blocks,
          minmay_ogre_servants, uniq_terence
D:4:      layout_basic, grunt_temple_overflow_champion_of_chaos,
          minmay_temple_entry_stoned_glass, serial_shops,
          nicolae_shop_waterfront, tgw_xom
D:5:      layout_basic, fedhas_bush_and_centaur_altar
D:6:      layout_cave_pools, serial_shops, shop_coins, uniq_blork_the_orc,
          uniq_grinder, uniq_sigmund
D:7:      layout_basic, old_standard_altar, general_overflow_altar, st_stairs_5,
          due_unseen_surprise, uniq_harold
D:8:      layout_gridville
D:9:      layout_loops_ring, overflow_temple_1_default,
          lemuel_mausoleum_altar_kikubaaqudgha, fountainhead, minmay_ruffians
D:10:     layout_roguey, orc_0_dummy
D:11:     layout_long_grid, david_lair_shrubbed, uniq_nergalle
D:12:     layout_gridville, enter_bailey_2, serial_shops, shop,
          item_on_display_a
D:13:     layout_loops_ring, chequers_serial_rivers_room_a, uniq_jorgrun,
          uniq_frances
Temple:   nicolae_temple_figure_eight

Skill      XL: |  1  2  3  4  5  6  7  8  9 10 11 12 13 |
---------------+----------------------------------------+-----
Dodging        | 2 3 4 5 6 7 |  7.9
Poison Magic   | 1 2 |  2.4
Fighting       | 2 3 4 5 7 8 9 |  9.0
Unarmed Combat | 4 5 7 8 10 11 12 | 12.0
Transmutations | 3 5 7 11 12 | 12.2
Spellcasting   | 3 4 5 6 7 |  7.0
Ice Magic      | 2 3 4 |  4.0

Action                   |  1- 3 |  4- 6 |  7- 9 | 10-12 | 13-15 || total
-------------------------+-------+-------+-------+-------+-------++-------
Melee: Unarmed           |    98 |   146 |   299 |   451 |    52 ||  1046
       Kick              |    14 |     5 |    12 |     1 |       ||    32
       Headbutt          |     6 |     4 |     6 |       |       ||    16
       Tailslap          |     6 |     6 |     9 |    24 |       ||    45
       Punch             |       |     2 |     1 |     5 |       ||     8
 Cast: Beastly Appendage |    25 |    13 |     8 |     1 |       ||    47
       Spider Form       |     1 |    16 |    32 |       |       ||    49
       Ice Form          |       |       |     4 |    58 |     5 ||    67
       Blade Hands       |       |       |       |     7 |       ||     7
Invok: Recall Ancestor   |       |       |     1 |       |       ||     1
       Ancestor Life: He |       |       |     1 |       |       ||     1
 Abil: Breathe Noxious F |       |       |     8 |     6 |     3 ||    17
       End Transformatio |       |       |     1 |       |     2 ||     3
Evoke: Wand              |       |       |       |     2 |       ||     2
  Use: Scroll            |       |    11 |     8 |    14 |       ||    33
       Potion            |       |     2 |       |     1 |       ||     3
 Stab: Sleeping          |       |       |     2 |     3 |       ||     5
       Confused          |       |       |     9 |     8 |       ||    17
       Distracted        |       |       |     1 |     1 |     1 ||     3
Armor: Skin              |    19 |    51 |    26 |    89 |    10 ||   195
Dodge: Dodged            |    62 |   107 |   272 |   299 |    29 ||   769

Table legend: (Time is in decaauts)
 A = Elapsed time spent in this place.
 B = Non-inter-level travel time spent in this place.
 C = Inter-level travel time spent in this place.
 D = Time resting spent in this place.
 E = Time spent auto-exploring this place.
 F = Levels seen in this place.
 G = Mean time per level.
                   A        B        C        D        E       F      G
               +--------+--------+--------+--------+--------+-----+--------+
         Total |  19294 |  18846 |    448 |   2198 |  13870 |  15 | 1286.3 |
       Dungeon |  17252 |  16847 |    405 |   1135 |  13326 |  13 | 1327.1 |
        Temple |    246 |    204 |     42 |      0 |    187 |   1 |  246.0 |
        Bailey |   1795 |   1795 |      0 |   1063 |    357 |   1 | 1795.0 |
               +--------+--------+--------+--------+--------+-----+--------+

Top non-repeatable levels by time:
    D:11: 1879 daAuts
     D:2: 1829 daAuts
  Bailey: 1795 daAuts
     D:9: 1744 daAuts
     D:3: 1719 daAuts
     D:4: 1534 daAuts
     D:5: 1498 daAuts
    D:10: 1316 daAuts
     D:7: 1129 daAuts
     D:1: 1080 daAuts
    D:12: 1029 daAuts
     D:8: 942 daAuts
     D:6: 888 daAuts
    D:13: 659 daAuts
  Temple: 246 daAuts
